Workbook

Sheet Macro-commandes
A1: =#REF! -> #REF! | C1: Administration communale de:
A3: Gestion informatique du document. | B3: Commandes :
A5: Cliquez sur la commande>>>
C7: Enregistré

Sheet Coordonnées
A1: Synthèse du Budget | D1: Administration communale de | J1: ITTRE | P1: Code INS | R1: 25044
P2: Exercice: | R2: =N27 -> 2024
A3: Modèle officiel généré par l'application eComptes © SPW Intérieur et Action Sociale | P3: Version: | R3: 1
E7: S Y N T H È S E du B U D G E T_x000D_ I N I T I A L
E11: Module informatisé de publication des budgets annuels
A17: Commune de : | H17: ITTRE
A19: Adresse de l'administration: | H19: rue planchette 2
H20: 1460 ITTRE
A23: Date d’arrêt du budget par le conseil: | H23: 19/12/2023
A25: Date d'approbation de la Tutelle:
A27: Type document: | H27: Budget | L27: Exercice: | N27: 2024
A29: Directeur Général: | H29: CAROLE SPAUTE
A30: Tél: | H30: 067647944
A31: Fax:
A32: Email: | H32: c.spaute@ittre.be
A34: Directeur Financier: | H34: CATHERINE DE LONGUEVILLE
A35: Tél: | H35: 067 79.43.41
A36: Fax:
A37: Email: | H37: c.delongueville@ittre.be

Sheet Résultats
A1: =Coordonnées!A1 -> Synthèse du Budget | D1: =Coordonnées!D1 -> Administration communale de | J1: =Coordonnées!J1 -> ITTRE | P1: =Coordonnées!P1 -> Code INS | R1: =Coordonnées!R1 -> 25044
P2: =Coordonnées!P2 -> Exercice: | R2: =Coordonnées!R2 -> 2024
A3: =Coordonnées!A3 -> Modèle officiel généré par l'application eComptes © SPW Intérieur et Action Sociale | P3: =Coordonnées!P3 -> Version: | R3: =Coordonnées!R3 -> 1
H6: Evolution du résultat budgétaire ordinaire
H7: =Coordonnées!$H$27 -> Budget | K7: =Coordonnées!$H$27 -> Budget | N7: =Coordonnées!$H$27 -> Budget | Q7: =Coordonnées!$H$27 -> Budget | T7: =Coordonnées!$H$27 -> Budget
A8: Exercices: | H8: =K8-1 -> 2020 | K8: =N8-1 -> 2021 | N8: =Q8-1 -> 2022 | Q8: =T8-1 -> 2023 | T8: =R2 -> 2024
A9: Résultats Exercice Propre* | H9: ='Ordinaire GE'!H26-'Ordinaire GE'!H15 -> 205800.31 | K9: ='Ordinaire GE'!K26-'Ordinaire GE'!K15 -> 191097.17 | N9: ='Ordinaire GE'!N26-'Ordinaire GE'!N15 -> 428134.87 | Q9: ='Ordinaire GE'!Q26-'Ordinaire GE'!Q15 -> 0 | T9: ='Ordinaire GE'!T26-'Ordinaire GE'!T15 -> 295235.77
A10: Résultat global* (avec exercices antérieurs et prélèvements) | H10: ='Ordinaire GE'!H29-'Ordinaire GE'!H18 -> 167043.08 | K10: ='Ordinaire GE'!K29-'Ordinaire GE'!K18 -> 101618.92 | N10: ='Ordinaire GE'!N29-'Ordinaire GE'!N18 -> 561287.31 | Q10: ='Ordinaire GE'!Q29-'Ordinaire GE'!Q18 -> 152931.47 | T10: ='Ordinaire GE'!T29-'Ordinaire GE'!T18 -> 289700.3
A11: * Montant arrondi à l'euro

Sheet Ordinaire GE
A1: =Coordonnées!A1 -> Synthèse du Budget | D1: =Coordonnées!D1 -> Administration communale de | J1: =Coordonnées!J1 -> ITTRE | P1: =Coordonnées!P1 -> Code INS | R1: =Coordonnées!R1 -> 25044
P2: =Coordonnées!P2 -> Exercice: | R2: =Coordonnées!R2 -> 2024
A3: =Coordonnées!A3 -> Modèle officiel généré par l'application eComptes © SPW Intérieur et Action Sociale | P3: =Coordonnées!P3 -> Version: | R3: =Coordonnées!R3 -> 1
H6: Ventilation économique des dépenses et des recettes ordinaires
H7: =Coordonnées!$H$27 -> Budget | K7: =Coordonnées!$H$27 -> Budget | N7: =Coordonnées!$H$27 -> Budget | Q7: =Coordonnées!$H$27 -> Budget | T7: =Coordonnées!$H$27 -> Budget
H8: Dépenses ordinaires (Prévisions)
A9: Exercices: | H9: =K9-1 -> 2020 | K9: =N9-1 -> 2021 | N9: =Q9-1 -> 2022 | Q9: =T9-1 -> 2023 | T9: =R2 -> 2024
A10: Personnel | H10: 4806966.9 | I10: 5512664.3 | J10: 5512664.3 | K10: 5679599.8 | L10: 5512664.3 | M10: 5512664.3 | N10: 5543670.5 | O10: 5512664.3 | P10: 5512664.3 | Q10: 6136576.2 | R10: 5512664.3 | S10: 5512664.3 | T10: 6184862.7 | U10: 5512664.3 | V10: 5512664.3
A11: Fonctionnement | H11: 1932002.2 | I11: 2726342.7 | J11: 2726342.7 | K11: 1953215.3 | L11: 2726342.7 | M11: 2726342.7 | N11: 2195201.3 | O11: 2726342.7 | P11: 2726342.7 | Q11: 2535425.9 | R11: 2726342.7 | S11: 2726342.7 | T11: 2522850.1 | U11: 2726342.7 | V11: 2726342.7
A12: Transferts | H12: 2923639.1 | I12: 4264832 | J12: 4264832 | K12: 2878458.8 | L12: 4264832 | M12: 4264832 | N12: 3029391.4 | O12: 4264832 | P12: 4264832 | Q12: 3562591.5 | R12: 4264832 | S12: 4264832 | T12: 3893624.7 | U12: 4264832 | V12: 4264832
A13: Dette | H13: 473623.07 | I13: 41563.69 | J13: 41563.69 | K13: 462874.49 | L13: 41563.69 | M13: 41563.69 | N13: 469539.22 | O13: 41563.69 | P13: 41563.69 | Q13: 546021.68 | R13: 41563.69 | S13: 41563.69 | T13: 509302.66 | U13: 41563.69 | V13: 41563.69
A14: Prélèvements (hors 060) | H14: 300000 | I14: 0 | J14: 0 | K14: 350000 | L14: 0 | M14: 0 | N14: 300000 | O14: 0 | P14: 0 | Q14: 995476.84 | R14: 0 | S14: 0 | T14: 0 | U14: 0 | V14: 0
A15: Total (exercice propre)* | H15: =SUM(H10:H14) -> 10436231 | K15: =SUM(K10:K14) -> 11324148 | N15: =SUM(N10:N14) -> 11537802 | Q15: =SUM(Q10:Q14) -> 13776092 | T15: =SUM(T10:T14) -> 13110640
A16: Exercices antérieurs | H16: 85692.05 | I16: 1521059 | J16: 2351270.7 | K16: 107202.57 | L16: 1659060.8 | M16: 1521059 | N16: 75132.26 | O16: 2230351.9 | P16: 1659060.8 | Q16: 41577.35 | R16: 2351270.7 | S16: 2230351.9 | T16: 0 | U16: 2351270.7 | V16: 2230351.9
A17: Prélèvements | H17: 657120.08 | I17: 1192323.5 | J17: 824300.6 | K17: 541675.9 | L17: 4295659.9 | M17: 1192323.5 | N17: 595037.36 | O17: 1045347.1 | P17: 4295659.9 | Q17: 720193.95 | R17: 824300.6 | S17: 1045347.1 | T17: 905981.68 | U17: 824300.6 | V17: 1045347.1
A18: Total général* | H18: =SUM(H15:H17) -> 11179043 | K18: =SUM(K15:K17) -> 11973027 | N18: =SUM(N15:N17) -> 12207972 | Q18: =SUM(Q15:Q17) -> 14537863 | T18: =SUM(T15:T17) -> 14016622
A19: * Montant arrondi à l'euro
H20: Recettes ordinaires (Prévisions)
A21: Exercices: | H21: =K21-1 -> 2020 | K21: =N21-1 -> 2021 | N21: =Q21-1 -> 2022 | Q21: =T21-1 -> 2023 | T21: =R2 -> 2024
A22: Prestation | H22: 636700.77 | I22: 373432.17 | J22: 697745.74 | K22: 632266.53 | L22: 373432.17 | M22: 697745.74 | N22: 644282.84 | O22: 373432.17 | P22: 697745.74 | Q22: 747376.4 | R22: 373432.17 | S22: 697745.74 | T22: 669733.97 | U22: 373432.17 | V22: 697745.74
A23: Transferts | H23: 9832585.3 | I23: 12728583 | J23: 13240575 | K23: 10522626 | L23: 12728583 | M23: 13240575 | N23: 11163364 | O23: 12728583 | P23: 13240575 | Q23: 11536123 | R23: 12728583 | S23: 13240575 | T23: 12156309 | U23: 12728583 | V23: 13240575
A24: Dette | H24: 172745.46 | I24: 548784.99 | J24: 408005.67 | K24: 160353.34 | L24: 548784.99 | M24: 408005.67 | N24: 158290.88 | O24: 548784.99 | P24: 408005.67 | Q24: 147592.34 | R24: 548784.99 | S24: 408005.67 | T24: 177032.69 | U24: 548784.99 | V24: 408005.67
A25: Prélèvements | H25: 0 | I25: 0 | J25: 0 | K25: 200000 | L25: 0 | M25: 0 | N25: 0 | O25: 0 | P25: 0 | Q25: 1345000 | R25: 0 | S25: 0 | T25: 402800 | U25: 0 | V25: 0
A26: Total (exercice propre)* | H26: =SUM(H22:H25) -> 10642032 | K26: =SUM(K22:K25) -> 11515246 | N26: =SUM(N22:N25) -> 11965937 | Q26: =SUM(Q22:Q25) -> 13776092 | T26: =SUM(T22:T25) -> 13405876
A27: Exercices antérieurs | H27: 704054.9 | I27: 6001218.3 | J27: 5811470.1 | K27: 559400.22 | L27: 6001218.3 | M27: 5811470.1 | N27: 803322.06 | O27: 6001218.3 | P27: 5811470.1 | Q27: 914702.77 | R27: 6001218.3 | S27: 5811470.1 | T27: 900446.21 | U27: 6001218.3 | V27: 5811470.1
A28: Prélèvements | H28: 0 | I28: 0 | J28: 0 | K28: 0 | L28: 0 | M28: 0 | N28: 0 | O28: 0 | P28: 0 | Q28: 0 | R28: 0 | S28: 0 | T28: 0 | U28: 0 | V28: 0
A29: Total général* | H29: =SUM(H26:H28) -> 11346086 | K29: =SUM(K26:K28) -> 12074646 | N29: =SUM(N26:N28) -> 12769259 | Q29: =SUM(Q26:Q28) -> 14690795 | T29: =SUM(T26:T28) -> 14306322
A30: * Montant arrondi à l'euro

Sheet Extraordinaire GE
A1: =Coordonnées!A1 -> Synthèse du Budget | D1: =Coordonnées!D1 -> Administration communale de | J1: =Coordonnées!J1 -> ITTRE | P1: =Coordonnées!P1 -> Code INS | R1: =Coordonnées!R1 -> 25044
P2: =Coordonnées!P2 -> Exercice: | R2: =Coordonnées!R2 -> 2024
A3: =Coordonnées!A3 -> Modèle officiel généré par l'application eComptes © SPW Intérieur et Action Sociale | P3: =Coordonnées!P3 -> Version: | R3: =Coordonnées!R3 -> 1
H6: Ventilation économique des dépenses et des recettes extraordinaires
H7: =Coordonnées!$H$27 -> Budget | K7: =Coordonnées!$H$27 -> Budget | N7: =Coordonnées!$H$27 -> Budget | Q7: =Coordonnées!$H$27 -> Budget | T7: =Coordonnées!$H$27 -> Budget
H8: Dépenses extraordinaires (Prévisions)
A9: Exercices: | H9: =K9-1 -> 2020 | K9: =N9-1 -> 2021 | N9: =Q9-1 -> 2022 | Q9: =T9-1 -> 2023 | T9: =R2 -> 2024
A10: Transferts | H10: 0 | I10: 5512664.3 | J10: 5512664.3 | K10: 4500 | L10: 5512664.3 | M10: 5512664.3 | N10: 838725.78 | O10: 5512664.3 | P10: 5512664.3 | Q10: 3500 | R10: 5512664.3 | S10: 5512664.3 | T10: 0 | U10: 5512664.3 | V10: 5512664.3
A11: Investissements | H11: 1261260.4 | I11: 2726342.7 | J11: 2726342.7 | K11: 1248169.7 | L11: 2726342.7 | M11: 2726342.7 | N11: 1613168.3 | O11: 2726342.7 | P11: 2726342.7 | Q11: 676088.13 | R11: 2726342.7 | S11: 2726342.7 | T11: 811082 | U11: 2726342.7 | V11: 2726342.7
A12: Dette | H12: 62545.57 | I12: 4264832 | J12: 4264832 | K12: 74006.23 | L12: 4264832 | M12: 4264832 | N12: 78105.82 | O12: 4264832 | P12: 4264832 | Q12: 78105.82 | R12: 4264832 | S12: 4264832 | T12: 84088.91 | U12: 4264832 | V12: 4264832
A13: Prélèvements | H13: 0 | I13: 41563.69 | J13: 41563.69 | K13: 0 | L13: 41563.69 | M13: 41563.69 | N13: 0 | O13: 41563.69 | P13: 41563.69 | Q13: 0 | R13: 41563.69 | S13: 41563.69 | T13: 0 | U13: 41563.69 | V13: 41563.69
H14: 0 | I14: 0 | J14: 0 | K14: 0 | L14: 0 | M14: 0 | N14: 0 | O14: 0 | P14: 0 | Q14: 0 | R14: 0 | S14: 0 | T14: 0 | U14: 0 | V14: 0
A15: Total (exercice propre)* | H15: =SUM(H10:H14) -> 1323806 | K15: =SUM(K10:K14) -> 1326675.9 | N15: =SUM(N10:N14) -> 2529999.9 | Q15: =SUM(Q10:Q14) -> 757693.95 | T15: =SUM(T10:T14) -> 895170.91
A16: Exercices antérieurs | H16: 2500 | I16: 1521059 | J16: 2351270.7 | K16: 9000 | L16: 1659060.8 | M16: 1521059 | N16: 97.27 | O16: 2230351.9 | P16: 1659060.8 | Q16: 141500 | R16: 2351270.7 | S16: 2230351.9 | T16: 59310.77 | U16: 2351270.7 | V16: 2230351.9
A17: Prélèvements | H17: 0 | I17: 1192323.5 | J17: 824300.6 | K17: 0 | L17: 4295659.9 | M17: 1192323.5 | N17: 0 | O17: 1045347.1 | P17: 4295659.9 | Q17: 130000 | R17: 824300.6 | S17: 1045347.1 | T17: 0 | U17: 824300.6 | V17: 1045347.1
A18: Total général* | H18: =SUM(H15:H17) -> 1326306 | K18: =SUM(K15:K17) -> 1335675.9 | N18: =SUM(N15:N17) -> 2530097.1 | Q18: =SUM(Q15:Q17) -> 1029193.9 | T18: =SUM(T15:T17) -> 954481.68
A19: * Montant arrondi à l'euro
H20: Recettes extraordinaires (Prévisions)
A21: Exercices: | H21: =K21-1 -> 2020 | K21: =N21-1 -> 2021 | N21: =Q21-1 -> 2022 | Q21: =T21-1 -> 2023 | T21: =R2 -> 2024
A22: Transferts | H22: 595871.87 | I22: 373432.17 | J22: 697745.74 | K22: 29000 | L22: 365967.42 | M22: 373432.17 | N22: 279834 | O22: 414709.37 | P22: 365967.42 | Q22: 179000 | R22: 697745.74 | S22: 414709.37 | T22: 48500 | U22: 557211.56 | V22: 577850.16
A23: Investissements | H23: 0 | I23: 12728583 | J23: 13240575 | K23: 0 | L23: 12120372 | M23: 12728583 | N23: 0 | O23: 12941518 | P23: 12120372 | Q23: 0 | R23: 13240575 | S23: 12941518 | T23: 0 | U23: 13289627 | V23: 13396094
A24: Dette | H24: 73314.03 | I24: 548784.99 | J24: 408005.67 | K24: 491736.03 | L24: 536819.05 | M24: 548784.99 | N24: 498736.03 | O24: 344975.81 | P24: 536819.05 | Q24: 0 | R24: 408005.67 | S24: 344975.81 | T24: 0 | U24: 128208.39 | V24: 26303.797
A25: Prélèvements | H25: 0 | I25: 0 | J25: 0 | K25: 0 | L25: 0 | M25: 0 | N25: 0 | O25: 0 | P25: 0 | Q25: 0 | R25: 0 | S25: 0 | T25: 0 | U25: 0 | V25: 0
A26: Total (exercice propre)* | H26: =SUM(H22:H25) -> 669185.9 | K26: =SUM(K22:K25) -> 520736.03 | N26: =SUM(N22:N25) -> 778570.03 | Q26: =SUM(Q22:Q25) -> 179000 | T26: =SUM(T22:T25) -> 48500
A27: Exercices antérieurs | H27: 0 | K27: 0 | L27: 10122962 | M27: 6628334.6 | N27: 0 | O27: 6248838.2 | P27: 10122962 | Q27: 0 | R27: 6834216 | S27: 6248838.2 | T27: 0 | U27: 6001218.3 | V27: 5811470.1
A28: Prélèvements | H28: 657120.08 | I28: 0 | J28: 0 | K28: 814939.87 | L28: 0 | M28: 0 | N28: 1751527.1 | O28: 0 | P28: 0 | Q28: 850193.95 | R28: 0 | S28: 0 | T28: 905981.68 | U28: 0 | V28: 0
A29: Total général* | H29: =SUM(H26:H28) -> 1326306 | K29: =SUM(K26:K28) -> 1335675.9 | N29: =SUM(N26:N28) -> 2530097.1 | Q29: =SUM(Q26:Q28) -> 1029193.9 | T29: =SUM(T26:T28) -> 954481.68
A30: * Montant arrondi à l'euro

Sheet DO fonctions
A1: =Coordonnées!A1 -> Synthèse du Budget | E1: Administration communale de: | G1: =Coordonnées!J1 -> ITTRE | I1: Code INS: | J1: =Coordonnées!R1 -> 25044
I2: Exercice: | J2: =Coordonnées!R2 -> 2024
A3: =Coordonnées!A3 -> Modèle officiel généré par l'application eComptes © SPW Intérieur et Action Sociale | I3: version: | J3: =Coordonnées!R3 -> 1
E4: Ventilation fonctionnelle
E5: Evolution des dépenses ordinaires (exercice propre)
E6: =Coordonnées!$H$27 -> Budget | F6: =Coordonnées!$H$27 -> Budget | G6: =Coordonnées!$H$27 -> Budget | H6: =Coordonnées!$H$27 -> Budget | I6: =Coordonnées!$H$27 -> Budget
E7: =F7-1 -> 2020 | F7: =G7-1 -> 2021 | G7: =H7-1 -> 2022 | H7: =I7-1 -> 2023 | I7: =J2 -> 2024
A8: 0 Recettes et dépenses générales | E8: 1141251.2 | F8: 1560521.4 | G8: 1162480.3 | H8: 1315172.9 | I8: 1242420.9
A9: 1 Administration générale | E9: 2096968 | F9: 2248234.8 | G9: 2344872.3 | H9: 3137828.3 | I9: 3346523.4
A10: 3 Sécurité | E10: 1185050.4 | F10: 1132357.9 | G10: 1200790.2 | H10: 1487693.7 | I10: 1442341.9
A11: 4 Voiries-communications | E11: 1987744.4 | F11: 2109468.5 | G11: 2261751.2 | H11: 2472976.7 | I11: 2292691.3
A12: 5 Industrie - commerce | E12: 55805.2 | F12: 65866.7 | G12: 115811.69 | H12: 135169.05 | I12: 166572.63
A13: 6 Sylviculture- Agriculture | E13: 17900 | F13: 17900 | G13: 39900 | H13: 35900 | I13: 45900
A14: 70>75 Enseignement | E14: 1006699.4 | F14: 1047009.8 | G14: 1173797.4 | H14: 1682828.9 | I14: 1096416.1
A15: 76>77 Culture et sports | E15: 785539.65 | F15: 754096.15 | G15: 717843.74 | H15: 767306.43 | I15: 842232.29
A16: 78 Radio, télévision, presse | E16: 3940 | F16: 3980 | G16: 4100 | H16: 4100 | I16: 4100
A17: 79 Culte | E17: 70796.01 | F17: 51822.81 | G17: 86603.72 | H17: 88450.38 | I17: 113511.11
A18: 80>86 Action Sociale | E18: 2038146.1 | F18: 2065463.3 | G18: 2173259.7 | H18: 2461145.1 | I18: 2475408.2
A19: 87 Santé publique et hygiène | E19: 480521.14 | F19: 580038.68 | G19: 602662.06 | H19: 626051.26 | I19: 657548.32
... A21: 93 Aménagement du territoire | E21: 147783.25 | F21: 151822.79 | G21: 168499.73 | H21: 192589.35 | I21: 200705.44

Sheet RO fonctions
A1: =Coordonnées!A1 -> Synthèse du Budget | E1: Administration communale de: | G1: =Coordonnées!J1 -> ITTRE | I1: Code INS: | J1: =Coordonnées!R1 -> 25044
I2: Exercice: | J2: =Coordonnées!R2 -> 2024
A3: =Coordonnées!A3 -> Modèle officiel généré par l'application eComptes © SPW Intérieur et Action Sociale | I3: version: | J3: =Coordonnées!R3 -> 1
E4: Ventilation fonctionnelle
E5: Evolution des recettes ordinaires (exercice propre)
E6: =Coordonnées!$H$27 -> Budget | F6: =Coordonnées!$H$27 -> Budget | G6: =Coordonnées!$H$27 -> Budget | H6: =Coordonnées!$H$27 -> Budget | I6: =Coordonnées!$H$27 -> Budget
E7: =F7-1 -> 2020 | F7: =G7-1 -> 2021 | G7: =H7-1 -> 2022 | H7: =I7-1 -> 2023 | I7: =J2 -> 2024
A8: 0 Recettes et dépenses générales | E8: 9120145.2 | F8: 9832753.1 | G8: 10419871 | H8: 12486770 | I8: 12277276
A9: 1 Administration générale | E9: 207182.1 | F9: 225825.39 | G9: 220981.01 | H9: 156539.84 | I9: 163379.2
A10: 3 Sécurité | E10: 15000 | F10: 0 | G10: 0 | H10: 120000 | I10: 40000
A11: 4 Voiries-communications | E11: 242975.11 | F11: 248838.29 | G11: 286808.1 | H11: 85873 | I11: 78421
A12: 5 Industrie - commerce | E12: 291690.07 | F12: 277330.48 | G12: 296579.7 | H12: 298551.34 | I12: 295538.19
A13: 6 Sylviculture- Agriculture | E13: 3009.92 | F13: 9.92 | G13: 12009.92 | H13: 22009.92 | I13: 22009.92
A14: 70>75 Enseignement | E14: 512844.1 | F14: 533929.4 | G14: 578517.93 | H14: 617453.17 | I14: 555573.45
A15: 76>77 Culture et sports | E15: 239989.93 | F15: 219450.55 | G15: 216129.01 | H15: 210310.45 | I15: 225923.94
A16: 78 Radio, télévision, presse | E16: 0 | F16: 0 | G16: 0 | H16: 0 | I16: 0
A17: 79 Culte | E17: 0 | F17: 0 | G17: 0 | H17: 0 | I17: 0
A18: 80>86 Action Sociale | E18: 368643.86 | F18: 387912.36 | G18: 392889.65 | H18: 277859.52 | I18: 282832.59
A19: 87 Santé publique et hygiène | E19: 302848 | F19: 296150.25 | G19: 300408.1 | H19: 358064 | I19: 340064
... A21: 93 Aménagement du territoire | E21: 27971.33 | F21: 30922.53 | G21: 31895.07 | H21: 13505 | I21: 13505

Sheet DE fonctions
A1: =Coordonnées!A1 -> Synthèse du Budget | E1: Administration communale de: | G1: =Coordonnées!J1 -> ITTRE | I1: Code INS: | J1: =Coordonnées!R1 -> 25044
I2: Exercice: | J2: =Coordonnées!R2 -> 2024
A3: =Coordonnées!A3 -> Modèle officiel généré par l'application eComptes © SPW Intérieur et Action Sociale | I3: version: | J3: =Coordonnées!R3 -> 1
E4: Ventilation fonctionnelle
E5: Evolution des dépenses extraordinaires (exercice propre)
E6: =Coordonnées!$H$27 -> Budget | F6: =Coordonnées!$H$27 -> Budget | G6: =Coordonnées!$H$27 -> Budget | H6: =Coordonnées!$H$27 -> Budget | I6: =Coordonnées!$H$27 -> Budget
E7: =F7-1 -> 2020 | F7: =G7-1 -> 2021 | G7: =H7-1 -> 2022 | H7: =I7-1 -> 2023 | I7: =J2 -> 2024
A8: 0 Recettes et dépenses générales | E8: 0 | F8: 0 | G8: 0 | H8: 130000 | I8: 0
A9: 1 Administration générale | E9: 173960 | F9: 799000 | G9: 1224293 | H9: 90000 | I9: 115000
A10: 3 Sécurité | E10: 0 | F10: 0 | G10: 0 | H10: 0 | I10: 0
A11: 4 Voiries-communications | E11: 827000.41 | F11: 307169.67 | G11: 331375.27 | H11: 458688.13 | I11: 404582
A12: 5 Industrie - commerce | E12: 18000 | F12: 0 | G12: 0 | H12: 0 | I12: 0
A13: 6 Sylviculture- Agriculture | E13: 0 | F13: 0 | G13: 0 | H13: 0 | I13: 0
A14: 70>75 Enseignement | E14: 15000 | F14: 25000 | G14: 0 | H14: 105000 | I14: 184000
A15: 76>77 Culture et sports | E15: 120000 | F15: 85000 | G15: 835225.78 | H15: 7000 | I15: 100000
A16: 78 Radio, télévision, presse | E16: 0 | F16: 0 | G16: 0 | H16: 0 | I16: 0
A17: 79 Culte | E17: 0 | F17: 7000 | G17: 6000 | H17: 3500 | I17: 7500
A18: 80>86 Action Sociale | E18: 34800 | F18: 2500 | G18: 20000 | H18: 5400 | I18: 0
A19: 87 Santé publique et hygiène | E19: 97045.57 | F19: 74006.23 | G19: 78105.82 | H19: 78105.82 | I19: 84088.91
... A21: 93 Aménagement du territoire | E21: 0 | F21: 27000 | G21: 35000 | H21: 10000 | I21: 0

Sheet RE fonctions
A1: =Coordonnées!A1 -> Synthèse du Budget | E1: Administration communale de: | G1: =Coordonnées!J1 -> ITTRE | I1: Code INS: | J1: =Coordonnées!R1 -> 25044
I2: Exercice: | J2: =Coordonnées!R2 -> 2024
A3: =Coordonnées!A3 -> Modèle officiel généré par l'application eComptes © SPW Intérieur et Action Sociale | I3: version: | J3: =Coordonnées!R3 -> 1
E4: Ventilation fonctionnelle
E5: Evolution des recettes extraordinaires (exercice propre)
E6: =Coordonnées!$H$27 -> Budget | F6: =Coordonnées!$H$27 -> Budget | G6: =Coordonnées!$H$27 -> Budget | H6: =Coordonnées!$H$27 -> Budget | I6: =Coordonnées!$H$27 -> Budget
E7: =F7-1 -> 2020 | F7: =G7-1 -> 2021 | G7: =H7-1 -> 2022 | H7: =I7-1 -> 2023 | I7: =J2 -> 2024
A8: 0 Recettes et dépenses générales | E8: 657120.08 | F8: 814939.87 | G8: 1751527.1 | H8: 850193.95 | I8: 905981.68
A9: 1 Administration générale | E9: 20000 | F9: 504736.03 | G9: 778570.03 | H9: 24000 | I9: 0
A10: 3 Sécurité | E10: 0 | F10: 0 | G10: 0 | H10: 0 | I10: 0
A11: 4 Voiries-communications | E11: 527063.13 | F11: 0 | G11: 0 | H11: 155000 | I11: 0
A12: 5 Industrie - commerce | E12: 12500 | F12: 0 | G12: 0 | H12: 0 | I12: 0
A13: 6 Sylviculture- Agriculture | E13: 0 | F13: 0 | G13: 0 | H13: 0 | I13: 0
A14: 70>75 Enseignement | E14: 0 | F14: 0 | G14: 0 | H14: 0 | I14: 36000
A15: 76>77 Culture et sports | E15: 76230 | F15: 0 | G15: 0 | H15: 0 | I15: 12500
A16: 78 Radio, télévision, presse | E16: 0 | F16: 0 | G16: 0 | H16: 0 | I16: 0
A17: 79 Culte | E17: 0 | F17: 0 | G17: 0 | H17: 0 | I17: 0
A18: 80>86 Action Sociale | E18: 8392.77 | F18: 0 | G18: 0 | H18: 0 | I18: 0
A19: 87 Santé publique et hygiène | E19: 0 | F19: 0 | G19: 0 | H19: 0 | I19: 0
... A21: 93 Aménagement du territoire | E21: 0 | F21: 16000 | G21: 0 | H21: 0 | I21: 0

Sheet Commentaires
A1: =Coordonnées!A1 -> Synthèse du Budget | D1: =Coordonnées!D1 -> Administration communale de | J1: =Coordonnées!J1 -> ITTRE | P1: =Coordonnées!P1 -> Code INS | R1: =Coordonnées!R1 -> 25044
P2: =Coordonnées!P2 -> Exercice: | R2: =Coordonnées!R2 -> 2024
A3: =Coordonnées!A3 -> Modèle officiel généré par l'application eComptes © SPW Intérieur et Action Sociale | P3: =Coordonnées!P3 -> Version: | R3: =Coordonnées!R3 -> 1
A6: Commentaires

Sheet Glossaire
A1: =Coordonnées!A1 -> Synthèse du Budget | D1: =Coordonnées!D1 -> Administration communale de | J1: =Coordonnées!J1 -> ITTRE | P1: =Coordonnées!P1 -> Code INS | R1: =Coordonnées!R1 -> 25044
P2: =Coordonnées!P2 -> Exercice: | R2: =Coordonnées!R2 -> 2024
A3: =Coordonnées!A3 -> Modèle officiel généré par l'application eComptes © SPW Intérieur et Action Sociale | P3: =Coordonnées!P3 -> Version: | R3: =Coordonnées!R3 -> 1
A6: Glossaire
A8: Termes | F8: Définitions:
A9: Exercice propre | F9: L'exercice du document allant du 1er janvier au 31 décembre
A10: Exercices antérieurs | F10: Les opérations antérieures à l'exercice propre
A11: Résultat global | F11: Le boni ou le mali de l'exercice propre cumulé avec celui des exercices antérieurs
A12: Dépenses de transfert | F12: Dépenses effectuées à destination de tiers à la commune (d'autres institutions, organismes, ménages ..)
A13: Recettes de transfert | F13: Recettes en provenance de tiers ( subsides, taxes, … )
A14: Recettes de prestation | F14: Recettes découlant de services payants rendus par la commune, de locations, de droits d'entrée …
A15: Dépenses de prélèvements | F15: Sommes prélevées sur les excédents budgétaires par la commune pour alimenter des fonds de réserves ordinaires ou extraordinaires (pour financer des dépenses d'investissement sur fonds propres ) ou des provisions ( pour faire face à des charges futures importantes )
A16: Recettes de prélèvements | F16: Utilisation des fonds de réserve et des provisions (constitués au moyen des dépenses de prélèvement)
A17: Ordinaire | F17: Les recettes et dépenses nécessaires au fonctionnement de la commune (taxes, subventions , salaires,électricité,fournitures,…)
A18: Extraordinaire | F18: Les dépenses et leurs moyens de financement afférentes aux investissements ( travaux importants, rénovations, achat de matériel et de véhicules etc … )
